 Dungeon Crawl Stone Soup version 0.26-a0-738-g91b530ce93 (webtiles) character file.

Game seed: 9458085217108509638

13751 Forecaster the Tainter (level 12, -3/99 HPs)
             Began as a Naga Venom Mage on Nov 5, 2020.
             Was a High Priest of Sif Muna.
             Slain by a sun demon (11 damage)
             ... summoned by an orc sorcerer
             ... on level 2 of the Orcish Mines.
             The game lasted 01:35:17 (13735 turns).

Forecaster the Tainter (Naga Venom Mage)           Turns: 13735, Time: 01:35:18

Health: -3/99      AC: 22    Str: 20    XL:     12   Next: 9%
Magic:  2/25       EV: 14    Int: 22    God:    Sif Muna [*****.]
Gold:   751        SH:  5    Dex: 15    Spells: 14/29 levels left

rFire    . . .     SeeInvis +   A - +3 trident (protect)
rCold    x . .     Faith    .   (no shield)
rNeg     . . .     Spirit   .   B - +2 robe {MR+}
rPois    +         Reflect  +   (no helmet)
rElec    +         Harm     .   W - +0 cloak
rCorr    .         Rampage  .   e - +2 pair of gloves
MR       ++...                  (no barding)
Stlth    +++.......             y - amulet of reflection
HPRegen  0.26/turn              n - +4 ring of protection
MPRegen  0.19/turn              q - ring "Ribrawn" {rElec rC- Str+6 Int+6 Slay+3}

@: about to teleport, protection aura, lightly drained, very slow
A: large, repulsion field 1, see invisible, agile 1, deformed body, poison
resistance, screaming 1, slowness 2, spit poison 1, AC +4
a: Spit Poison, Channel Magic, Forget Spell, Divine Exegesis, Renounce Religion


You were on level 2 of the Orcish Mines.
You worshipped Sif Muna.
Sif Muna was extremely pleased with you.
You visited 3 branches of the dungeon, and saw 13 of its levels.

You collected 1101 gold pieces.
You spent 350 gold pieces at shops.

Inventory:

Hand Weapons
 c - a +0 short sword
 d - a +0 dagger
 f - a +0 hand axe of electrocution
 i - a +1 short sword of venom
 s - a +2 short sword of speed
 t - a +0 vorpal broad axe
 A - a +3 trident of protection (weapon)
 J - a +2 great sword of holy wrath
 K - a +0 shortbow
 Q - a +4 hand axe
 S - a +3 flail
 T - a +2 vorpal flail
 Y - a +0 quarterstaff
Missiles
 m - 59 poisoned darts (quivered)
Armour
 a - a +0 robe
 e - a +2 pair of gloves (worn)
 r - a +1 chain mail of poison resistance
 x - a +0 robe
 B - a +2 robe of magic resistance (worn)
 L - a +2 scale mail of poison resistance
 W - a +0 cloak (worn)
Jewellery
 n - a +4 ring of protection (left hand)
 q - the ring "Ribrawn" (right hand) {rElec rC- Str+6 Int+6 Slay+3}
   (You found it on level 6 of the Dungeon)

   [ring of strength]

   It affects your strength (+6).
   It affects your intelligence (+6).
   It affects your accuracy and damage with ranged weapons and melee attacks
   (+3).
   It makes you vulnerable to cold.
   It insulates you from electricity.
 y - an amulet of reflection (around neck)
Wands
 h - a wand of iceblast (9)
 v - a wand of enslavement (8)
 E - a wand of disintegration (28)
 F - a wand of paralysis (6)
 N - a wand of digging (4)
 P - a wand of random effects (48)
 V - a wand of polymorph (17)
Scrolls
 g - 2 scrolls of amnesia
 k - 2 scrolls of remove curse
 o - 2 scrolls of fog
 w - a scroll of enchant weapon
 H - a scroll of enchant armour
 O - 2 scrolls of blinking
 R - a scroll of identify
 U - a scroll of random uselessness {unknown}
 X - a scroll of vulnerability {unknown}
 Z - a scroll of brand weapon {unknown}
Potions
 b - a potion of haste
 j - 4 potions of lignification
 l - a potion of might
 u - 5 potions of stabbing
 z - a potion of curing
 C - a potion of flight {unknown}
 I - a potion of invisibility {unknown}
 M - 3 potions of cancellation {unknown}


   Skills:
 + Level 4.0 Fighting
 + Level 1.8 Short Blades
 + Level 0.2(4.5) Axes
 + Level 7.4 Polearms
 + Level 0.9 Throwing
 + Level 4.5 Dodging
 + Level 5.2 Stealth
 + Level 9.3 Spellcasting
 + Level 0.5 Necromancy
 + Level 2.9 Transmutations
 + Level 2.3 Fire Magic
 + Level 7.0 Air Magic
 + Level 12.5 Poison Magic
 + Level 1.0 Evocations


You had 14 spell levels left.
You knew the following spells:

 Your Spells              Type           Power        Failure   Level
a - Sting                 Tmut/Pois      ####         1%          1
b - Poisonous Vapours     Pois/Air       ######       1%          2
c - Olgreb's Toxic Radia  Pois           ######..     1%          4
d - Ignite Poison         Fire/Tmut/Pois #####...     1%          3
e - Animate Skeleton      Necr           ##....       5%          1
f - Apportation           Tloc           ##....       6%          1
g - Vampiric Draining     Necr           ##........   16%         3

Your spell library contained the following spells:

 Spells                   Type           Power        Failure   Level
 Mephitic Cloud           Conj/Pois/Air  #####...     1%          3
 Pain                     Necr           ##..         5%          1
 Corona                   Hex            ##.....      6%          1
 Magic Dart               Conj           ##..         6%          1
 Summon Small Mammal      Summ           ##..         6%          1
 Alistair's Intoxication  Tmut/Pois      #####....    8%          5
 Blink                    Tloc           N/A          10%         2
 Call Imp                 Summ           ##......     10%         2
 Slow                     Hex            ##......     10%         2
 Conjure Flame            Conj/Fire      ###.....     12%         3
 Confusing Touch          Hex            ##......     19%         3
 Gell's Gravitas          Tloc           ##........   19%         3
 Lesser Beckoning         Tloc           ##........   19%         3
 Tukima's Dance           Hex            ##......     19%         3
 Petrify                  Tmut/Erth      ###.....     34%         4
 Animate Dead             Necr           ##........   45%         4
 Yara's Violent Unravell  Hex/Tmut       ###.......   69%         5
 Agony                    Necr           ##......     82%         5
 Metabolic Englaciation   Hex/Ice        ##........   87%         5
 Invisibility             Hex            ##......     100%        6
 Chain Lightning          Conj/Air       ####......   100%        8
 Lehudib's Crystal Spear  Conj/Erth      ##........   100%        8
 Absolute Zero            Ice            ##........   100%        9
 Fire Storm               Conj/Fire      ###.......   100%        9


Dungeon Overview and Level Annotations

Branches:
Dungeon (10/15)            Temple (1/1) D:5             Orc (2/2) D:10
   Lair: D:8-11         Elf: Orc:2

Altars:
Ashenzari
Cheibriados
Dithmenos
Elyvilon
Fedhas
Gozag
Hepliaklqana
Kikubaaqudgha
Makhleb
Nemelex Xobeh
Okawaru
Qazlal
Ru
Sif Muna
Trog
Uskayaw
Vehumet
Wu Jian
Xom
Yredelemnul
Zin
The Shining One

Shops:
D:4 !   D:7 :   Orc:2 :

Annotations:
D:9 3 runed translucent doors, gouglew's ghost, journeyman KoBe


Innate Abilities, Weirdness & Mutations

You cannot wear boots.
Your serpentine skin is tough. (AC +4)
You have supernaturally acute eyesight. (SInv)
Armour fits poorly on your strangely shaped body.
Your system is resistant to poisons. (rPois)
You cover ground very slowly.
You can spit poison.
You are surrounded by a mild repulsion field. (EV +2)
You are agile. (Dex +2)
You occasionally shout uncontrollably at your foes.


Message History

The warg bites you. The sun demon hits you!!
* * * LOW HITPOINT WARNING * * *
You are engulfed in flames!!
* * * LOW HITPOINT WARNING * * *
The orc sorcerer casts a spell at you. You resist with almost no effort.
You feel much better. The ufetubus closely misses you.
You block the ufetubus's attack. You block the warg's attack.
An orc warrior comes into view. It is wielding a +0 long sword.
The sun demon closely misses you.
The orc sorcerer gestures at you while chanting.
You resist with almost no effort. The ufetubus closely misses you.
The ufetubus misses you.
As you read the scroll of teleportation, it crumbles to dust.
You feel strangely unstable. The warg bites you.
* * * LOW HITPOINT WARNING * * *
The sun demon hits you!
* * * LOW HITPOINT WARNING * * *
You are engulfed in flames!
You die...

... #.. ##.()##
#.##.. . 8.o)8
#.#####.... ..##
.)oo. ##..#.#......
..##55)##...
......... ...ooo...#
#...... #5858).##
##....# ##3ho.[)###
#....## #.3@5...).##
#.....#
#..........####.#.##
##.........#.##.#.##
#..........)).)....#
#....#........##...##
##.##.........##...#
####...#.##.###..##
..........####...###
.######..## ##..##..


You could see a sun demon (summoned), a ynoxinul (summoned), a warg, 2 orc
sorcerers, 2 orc warriors, an orc priest, 2 orcs and 5 ufetubi.

Vanquished Creatures
  A stone giant (Orc:2)
  Harold (D:7)
  2 orc knights
  2 orc sorcerers (Orc:2)
  Maurice (D:8)
  4 trolls
  Grinder (D:4)
  Sigmund (D:4)
  A wyvern (D:8)
  A warg (Orc:2)
  Edmund (D:6)
  2 water moccasins
  3 ice beasts
  4 black bears
  22 orc warriors
  3 sky beasts
  13 ogres
  4 phantoms
  4 necrophages
  7 centaurs
  6 big kobolds
  A gnoll sergeant (D:10)
  Blork the orc (D:4)
  5 bullfrogs
  2 scorpions
  A water moccasin skeleton (D:7)
  8 wights
  2 howler monkeys
  2 centaur zombies
  A jelly (D:6)
  A quasit (D:7)
  2 bullfrog zombies
  3 centaur skeletons
  3 hounds
  9 orc priests
  11 orc wizards
  A bullfrog skeleton (D:4)
  Ijyb (D:5)
  2 iguanas (D:6)
  2 worker ants
  12 gnolls
  10 adders
  A shadow imp (D:8)
  4 white imps
  An ufetubus (D:5)
  An adder skeleton (D:9)
  3 worms (D:3)
  5 dart slugs
  5 leopard geckos
  61 orcs
  5 giant cockroaches
  5 goblins
  5 hobgoblins
  6 jackals (D:6)
  11 kobolds
  2 quokkas
  A ball python (D:4)
  9 bats
  7 frilled lizards
  4 hobgoblin zombies (D:7)
  2 kobold zombies (D:7)
  2 orc skeletons (D:7)
  2 orc zombies (D:7)
  A quokka skeleton (D:6)
  6 rats
313 creatures vanquished.

Notes
Turn   | Place    | Note
-------+----------+-------------------------------------------
     0 | D:1      | Forecaster the Naga Venom Mage began the quest for the Orb.
     0 | D:1      | Reached XP level 1. HP: 15/15 MP: 3/3
   134 | D:1      | Reached XP level 2. HP: 15/22 MP: 0/5
   139 | D:1      | Learned a level 2 spell: Poisonous Vapours
   965 | D:1      | Reached XP level 3. HP: 28/28 MP: 3/6
  1269 | D:2      | Found an ancient bone altar of Kikubaaqudgha.
  1375 | D:2      | Noticed a black bear
  1381 | D:2      | Killed a black bear
  1381 | D:2      | Reached skill level 1 in Air Magic
  1381 | D:2      | Reached skill level 5 in Poison Magic
  1381 | D:2      | Reached XP level 4. HP: 7/37 MP: 0/8
  1381 | D:2      | Reached XP level 5. HP: 8/43 MP: 0/9
  2208 | D:3      | Found a sparkling altar of Nemelex Xobeh.
  2977 | D:3      | Reached XP level 6. HP: 30/50 MP: 3/11
  3049 | D:3      | Found a hazy altar of Hepliaklqana.
  3062 | D:3      | Learned a level 4 spell: Olgreb's Toxic Radiance
  3173 | D:4      | Noticed Sigmund
  3186 | D:4      | Reached skill level 1 in Short Blades
  3187 | D:4      | Killed Sigmund
  3187 | D:4      | Reached skill level 6 in Poison Magic
  3250 | D:4      | Reached XP level 7. HP: 42/56 MP: 3/13
  3258 | D:4      | Noticed Blork the orc
  3359 | D:4      | Killed Blork the orc
  3458 | D:4      | Found Xocyiwu's Distillery.
  3469 | D:4      | Bought a potion of lignification for 30 gold pieces
  3475 | D:4      | Noticed Grinder
  3517 | D:4      | Killed Grinder
  3517 | D:4      | Reached skill level 1 in Fighting
  3517 | D:4      | Reached skill level 1 in Polearms
  3701 | D:4      | Reached skill level 7 in Poison Magic
  4016 | D:5      | Entered Level 5 of the Dungeon
  4152 | D:5      | Noticed Ijyb
  4162 | D:5      | Killed Ijyb
  4162 | D:5      | Reached XP level 8. HP: 64/64 MP: 7/15
  4167 | D:5      | Found a staircase to the Ecumenical Temple.
  4177 | Temple   | Entered the Ecumenical Temple
  4250 | Temple   | Became a worshipper of Sif Muna the Loreminder
  4365 | D:5      | Reached skill level 5 in Spellcasting
  4569 | D:5      | Found a basalt altar of Yredelemnul.
  4577 | D:5      | Found a stormy altar of Qazlal.
  4581 | D:5      | Found a bloodstained altar of Trog.
  5596 | D:6      | Reached XP level 9. HP: 72/74 MP: 11/17
  5904 | D:6      | Got a pitted silver ring
  5927 | D:6      | Identified the ring "Ribrawn" {rElec rC- Str+6 Int+6
                  | Slay+3} (You found it on level 6 of the Dungeon)
  5977 | D:6      | Reached * piety under Sif Muna
  5982 | D:6      | Learned a level 3 spell: Ignite Poison
  5984 | D:6      | Learned a level 1 spell: Animate Skeleton
  6826 | D:6      | Found a hide-covered altar of Uskayaw.
  6853 | D:6      | Noticed Edmund
  6858 | D:6      | Found an opulent altar of Gozag.
  6861 | D:6      | Killed Edmund
  7071 | D:7      | Found a glowing golden altar of the Shining One.
  7083 | D:7      | Reached skill level 8 in Poison Magic
  7252 | D:7      | Noticed Harold
  7264 | D:7      | Killed Harold
  7264 | D:7      | Reached skill level 5 in Polearms
  7264 | D:7      | Reached skill level 5 in Stealth
  7428 | D:7      | Found Sotefy's Book Boutique.
  7441 | D:7      | Bought a book of Cantrips for 320 gold pieces
  7443 | D:7      | Learned a level 1 spell: Apportation
  7558 | D:7      | Reached skill level 5 in Air Magic
  7683 | D:7      | Reached XP level 10. HP: 78/84 MP: 20/20
  7688 | D:7      | Learned a level 3 spell: Vampiric Draining
  7717 | D:7      | Reached ** piety under Sif Muna
  7746 | D:7      | Reached skill level 9 in Poison Magic
  9476 | D:8      | Noticed Maurice
  9493 | D:8      | Gained mutation: You are surrounded by a mild repulsion
                  | field. (EV +2) [potion of mutation]
  9493 | D:8      | Gained mutation: You occasionally shout uncontrollably at
                  | your foes. [potion of mutation]
  9493 | D:8      | Gained mutation: You are agile. (Dex +2) [potion of
                  | mutation]
  9497 | D:8      | Killed Maurice
  9530 | D:8      | Reached skill level 1 in Evocations
 10169 | D:8      | Reached skill level 10 in Poison Magic
 10541 | D:8      | Reached *** piety under Sif Muna
 11196 | D:9      | Reached XP level 11. HP: 72/88 MP: 22/22
 11466 | D:9      | Reached skill level 1 in Fire Magic
 11655 | D:9      | Reached skill level 11 in Poison Magic
 11898 | D:9      | Found a runed translucent gate.
 11898 | D:9      | Found a runed translucent gate.
 11898 | D:9      | Found a runed translucent gate.
 11900 | D:9      | Noticed gouglew's ghost (journeyman KoBe)
 12153 | D:10     | Entered Level 10 of the Dungeon
 12371 | D:10     | Found a staircase to the Orcish Mines.
 12376 | D:10     | Reached **** piety under Sif Muna
 12430 | Orc:1    | Entered Level 1 of the Orcish Mines
 12431 | Orc:1    | Noticed an orc knight
 12518 | D:10     | Killed an orc knight
 12792 | Orc:2    | Entered Level 2 of the Orcish Mines
 12817 | Orc:2    | Found Semaqy's Book Boutique.
 13006 | Orc:2    | Noticed a stone giant
 13020 | Orc:2    | Killed a stone giant
 13020 | Orc:2    | Reached skill level 12 in Poison Magic
 13267 | Orc:2    | Noticed an orc knight
 13281 | Orc:2    | Killed an orc knight
 13284 | Orc:2    | Reached ***** piety under Sif Muna
 13284 | Orc:2    | Received a gift from Sif Muna
 13712 | Orc:2    | Noticed an orc sorcerer
 13713 | Orc:2    | Noticed an orc sorcerer
 13715 | Orc:2    | Killed an orc sorcerer
 13715 | Orc:2    | Reached XP level 12. HP: 97/97 MP: 1/25
 13732 | Orc:2    | Noticed a sun demon
 13735 | Orc:2    | Slain by a sun demon

Illustrated notes

Levels and vault maps discovered:
D:1:      dpeg_arrival_arbitrary_b, layout_basic
D:2:      layout_rooms, kiku_gazebo_pond_becter, kennysheep_generic_room_6
D:3:      layout_rooms, old_standard_altar, old_standard_altar,
          patterned_corridor
D:4:      layout_rooms, serial_shops, kennysheep_little_box,
          grunt_decor_one_mirror, uniq_sigmund, uniq_grinder, uniq_blork_the_orc
D:5:      layout_basic, minmay_overflow_temple_star_quad, temple_statues,
          uniq_ijyb
D:6:      cheibrodos_iron_armory, layout_loops_cross,
          lemuel_coloured_pillars_altar, kennysheep_mini_moat, uniq_edmund
D:7:      layout_gridville, serial_shops, nicolae_shop_statue_plus,
          nicolae_tso_besieged_by_evil, uniq_harold
D:8:      layout_cave_pods, uniq_maurice
D:9:      layout_small_grid, gammafunk_ghost_necromancy
D:10:     layout_cave_pools, kennysheep_orc_monster_closet_entryway
Temple:   eino_temple_lava
Orc:1:    layout_caves, ebering_ghost_gozag, mines2_david
Orc:2:    grunt_orc_community_town_hall, layout_caves,
          grunt_orc_community_big_house_2, grunt_orc_community_big_house_2,
          grunt_orc_community_house_1, grunt_orc_community_house_2,
          grunt_orc_community_house_2, grunt_orc_community_house_3,
          serial_shops, shop, nicolae_shop_waterfront

Skill      XL: |  1  2  3  4  5  6  7  8  9 10 11 |
---------------+----------------------------------+-----
Spellcasting   | 3 4 5 6 7 9 |  9.3
Air Magic      | 1 2 3 5 6 7 |  7.0
Poison Magic   | 5 6 7 8 10 12 | 12.5
Dodging        | 2 3 4 |  4.5
Short Blades   | 1 |  1.8
Fighting       | 1 2 3 4 |  4.0
Polearms       | 1 4 5 6 7 |  7.4
Stealth        | 4 5 |  5.2
Transmutations | 2 |  2.9
Evocations     | 1 |  1.0
Fire Magic     | 2 |  2.3
Axes           | |  0.2
Throwing       | |  0.9
Necromancy     | |  0.5

Action                   |  1- 3 |  4- 6 |  7- 9 | 10-12 || total
-------------------------+-------+-------+-------+-------++-------
Melee: Short sword       |     5 |    30 |       |       ||    35
       Dagger            |    18 |       |       |       ||    18
       Hand axe          |     6 |    16 |       |       ||    22
       Trident           |       |     2 |   288 |   209 ||   499
Throw: Dart              |       |       |       |     5 ||     5
 Cast: Sting             |     9 |       |    11 |       ||    20
       Poisonous Vapours |    24 |    54 |    94 |   133 ||   305
       Ignite Poison     |       |       |     3 |    50 ||    53
       Olgreb's Toxic Ra |       |       |     2 |    29 ||    31
       Animate Skeleton  |       |       |     1 |       ||     1
       Vampiric Draining |       |       |       |     3 ||     3
 Abil: Spit Poison       |       |       |     1 |       ||     1
Evoke: Wand              |       |       |       |     3 ||     3
  Use: Scroll            |       |     4 |    11 |     3 ||    18
       Potion            |       |       |     9 |     4 ||    13
 Stab: Sleeping          |       |       |       |     1 ||     1
Armor: Robe              |     7 |    10 |   140 |    99 ||   256
       Skin              |       |       |    91 |       ||    91
Dodge: Dodged            |    28 |    35 |   115 |   128 ||   306
Block: Other             |       |       |       |    20 ||    20
       Reflection        |       |       |       |     1 ||     1

Table legend: (Time is in decaauts)
 A = Elapsed time spent in this place.
 B = Non-inter-level travel time spent in this place.
 C = Inter-level travel time spent in this place.
 D = Time resting spent in this place.
 E = Time spent auto-exploring this place.
 F = Levels seen in this place.
 G = Mean time per level.
                   A        B        C        D        E       F      G
               +--------+--------+--------+--------+--------+-----+--------+
         Total |  15865 |  15534 |    331 |   4846 |   7628 |  13 | 1220.4 |
       Dungeon |  14464 |  14157 |    307 |   4375 |   7086 |  10 | 1446.4 |
        Temple |    108 |    101 |      7 |      0 |     76 |   1 |  108.0 |
  Orcish Mines |   1291 |   1275 |     16 |    471 |    465 |   2 |  645.5 |
               +--------+--------+--------+--------+--------+-----+--------+

Top non-repeatable levels by time:
     D:6: 2562 daAuts
     D:8: 2166 daAuts
     D:7: 2041 daAuts
     D:9: 1662 daAuts
     D:1: 1438 daAuts
     D:3: 1255 daAuts
   Orc:2: 1045 daAuts
     D:4: 1017 daAuts
     D:2: 1002 daAuts
     D:5: 845 daAuts
    D:10: 472 daAuts
   Orc:1: 246 daAuts
  Temple: 108 daAuts
